 Dungeon Crawl Stone Soup version 0.21.1-1-g345015f (webtiles) character file.

256790 Mgcat the Slayer (level 20, -4/133 HPs)
             Began as a Gargoyle Monk on Feb 12, 2018.
             Was the Champion of Ru.
             Slain by a death scarab (17 damage)
             ... on level 4 of the Spider Nest.
             The game lasted 02:06:33 (40829 turns).

Mgcat the Slayer (Gargoyle Monk)                   Turns: 40829, Time: 02:06:34

Health: -4/133     AC: 40    Str: 24    XL:     20   Next: 24%
Magic:  17/20      EV: 10    Int: 12    God:    Ru [******]
Gold:   1339       SH:  3    Dex: 15    Spells: 19/19 levels left

rFire    + . .     SeeInvis .   w - +9 great mace (freeze)
rCold    + . .     Gourm    .   (shield currently unavailable)
rNeg     + + +     Faith    .   D - +5 scale mail of Ru's Reproof {+Blink rN+++ MR+ Dex-4}
rPois    ∞         Spirit   .   T - +2 hat
rElec    +         Reflect  +   Y - scarf {rC+ rF+}
rCorr    .         Harm     .   I - +2 pair of gloves
MR       ++...                  s - +2 pair of boots
Stlth    ..........             y - +3 amulet of reflection
HPRegen  0.32/turn              f - +3 ring of dexterity
MPRegen  0.17/turn              K - ring of protection from magic {MR+, !d}

@: mighty, exhausted, flying, very slightly contaminated, slowed, drained,
invisible, very slow
A: big wings, frail 1, negative energy resistance 1, electricity resistance,
unbreathing, petrification resistance, no potion heal 1, rot immunity, hated by
all, inability to train dodging, magic vulnerability 1, AC +15
}: 1/15 runes: barnacled
a: Stop Flying, Draw Out Power, Power Leap, Apocalypse, Renounce Religion, Evoke
Blink


You were on level 4 of the Spider Nest.
You worshipped Ru.
Ru was exalted by your worship.
You were not hungry.

You visited 7 branches of the dungeon, and saw 31 of its levels.
You also visited: Bailey, Ice Cave and Volcano.

You collected 3617 gold pieces.
You spent 2278 gold pieces at shops.

Inventory:

Hand Weapons
 w - a +9 great mace of freezing (weapon)
   (You took it off a two-headed ogre in a volcano)
 L - a +5 demon whip of venom
   (You took it off Asterion on level 2 of the Spider Nest)
 M - the +2 spear "Naogak" {pierce, Str+5 SInv}
   (You found it on level 3 of the Shoals)

   It inflicts extra damage upon your enemies.
   It affects your strength (+5).
   It lets you see invisible.
 X - the +5 hand axe of Termination {chop, +Fly rF++ MR+ Int-2}
   (You bought it in a shop on level 2 of the Orcish Mines)

   It inflicts extra damage upon your enemies.
   It affects your intelligence (-2).
   It greatly protects you from fire.
   It affects your resistance to hostile enchantments.
   It lets you fly.
Missiles
 u - 40 tomahawks of returning (quivered)
 J - 5 throwing nets {=f, !d}
Armour
 s - a +2 pair of boots (worn)
   (You found it on level 2 of the Dungeon)
 v - +0 fire dragon scales
   (You found it in a volcano)
 D - the +5 scale mail of Ru's Reproof (worn) {+Blink rN+++ MR+ Dex-4}
   (You found it on level 5 of the Lair of Beasts)

   It affects your dexterity (-4).
   It renders you almost immune to negative energy.
   It affects your resistance to hostile enchantments.
   It lets you blink.
 I - a +2 pair of gloves (worn)
   (You found it on level 6 of the Dungeon)
 R - a +1 cloak of magic resistance
   (You took it off Nikola on level 4 of the Shoals)
 T - a +2 hat (worn)
   (You found it on level 3 of the Shoals)
 Y - a scarf of resistance (worn)
   (You found it on level 1 of the Elven Halls)
Jewellery
 e - an uncursed ring of ice {rC+, rF-}
   (You found it on level 3 of the Lair of Beasts)
 f - a +3 ring of dexterity (left hand)
   (You found it on level 2 of the Dungeon)
 y - a +3 amulet of reflection (around neck)
   (You found it on level 5 of the Lair of Beasts)
 K - a ring of protection from magic (right hand) {MR+, !d}
   (You found it on level 5 of the Lair of Beasts)
 V - an uncursed ring of protection from fire {rF+, !d}
   (You found it on level 4 of the Shoals)
 Z - an uncursed ring of positive energy {rN+}
   (You took it off an orc high priest on level 2 of the Elven Halls)
Wands
 g - a wand of digging (18)
   (You found it on level 4 of the Shoals)
 k - a wand of disintegration (4)
   (You took it off Maurice on level 9 of the Dungeon)
 q - a wand of iceblast (11)
   (You found it on level 4 of the Lair of Beasts)
 x - a wand of clouds (5)
   (You found it on level 2 of the Spider Nest)
 U - a wand of acid (7)
   (You found it on level 2 of the Lair of Beasts)
Scrolls
 d - 4 scrolls of fear
 h - 5 scrolls of amnesia
 m - 5 scrolls of fog
 n - 14 scrolls of teleportation
 p - 2 scrolls of blinking {!r}
 t - 4 scrolls of identify
 N - 11 scrolls of remove curse
 P - 2 scrolls of magic mapping {!r}
 Q - a scroll of enchant armour
Potions
 a - 3 potions of resistance
 b - 12 potions of curing
 i - 3 potions of agility
 j - a potion of magic
 o - a potion of invisibility
 r - a potion of ambrosia
 z - a potion of might
 B - a potion of haste
 C - 3 potions of cancellation
 E - 3 potions of berserk rage {!q}
 G - 3 potions of mutation {!q}
Comestibles
 c - 31 rations
 A - 5 chunks of flesh {@w0}


   Skills:
 + Level 23.5(22.0) Fighting
 + Level 20.5(19.1) Maces & Flails
 + Level 5.5(4.5) Throwing
 + Level 18.3(17.0) Armour
 - Level 2.1(1.3) Stealth


You had 19 spell levels left.
You didn't know any spells.

Dungeon Overview and Level Annotations

Branches:
Dungeon (12/15)            Temple (1/1) D:4            Lair (6/6) D:9
 Shoals (4/4) Lair:4       Spider (4/4) Lair:3        Slime (0/5) Lair:5
    Orc (2/2) D:12            Elf (2/3) Orc:2

Altars:
Ashenzari
Cheibriados
Dithmenos
Elyvilon
Fedhas
Gozag
Hepliaklqana
Kikubaaqudgha
Makhleb
Okawaru
Qazlal
Ru
Sif Muna
Trog
Uskayaw
Vehumet
Wu Jian
Xom
Yredelemnul
Zin
The Shining One
Beogh

Shops:
D:12 *   Orc:2 (?:}

Annotations:
Shoals:3 Mara


Innate Abilities, Weirdness & Mutations

You are resistant to torment.
Your stone body is resilient. (AC +15)
You are immune to poison.
Your large and strong wings let you fly indefinitely.
You are frail. (-10% HP)
You resist negative energy. (rN+)
You are resistant to electric shocks. (rElec)
You can survive without breathing.
You are immune to petrification.
Potions are less effective at restoring your health.
You are immune to rotting.
You are hated by all.
You cannot train Dodging skill.
You are slightly vulnerable to magic. (MR-)


Message History

The death scarab bites you!
* * * LOW HITPOINT WARNING * * *
The death scarab drains your vigour!
You feel as though you will be slow longer.
The death scarab is stunned by your will and fails to attack.
The death scarab barely misses you. The death scarab completely misses you.
The death scarab bites you but does no damage. x2
Unknown command.
Unknown command.
Your system partially rejects the healing.
You feel better. The death scarab bites you!
* * * LOW HITPOINT WARNING * * *
The death scarab is stunned by your will and fails to attack.
The death scarab bites you but does no damage.
The death scarab is stunned by your will and fails to attack.
The death scarab bites you!
* * * LOW HITPOINT WARNING * * *
Really read
p - 3 scrolls of blinking {!r}?
Blink to where?
Press: ? - help, Dir - move target cursor You are very lightly contaminated with residual magic.
As you read the scroll of blinking {!r}, it crumbles to dust.
The death scarab evades a web.
The death scarab is caught in a web!
You're too exhausted to draw out your power.
Unknown command.
Okay, then.
Unknown command.
Unknown command.
Unknown command.
Your system partially rejects the healing.
You feel much better.
The death scarab struggles to get unstuck from the web.
The death scarab pulls away from the web.
The death scarab bites you!
* * * LOW HITPOINT WARNING * * *
The death scarab drains your vigour!
You feel as though you will be slow longer.
The death scarab bites you but does no damage.
The death scarab is caught in a web!
Unknown command.
Your system partially rejects the healing.
You feel much better.
The death scarab pulls away from the web.
The death scarab bites you!
* * * LOW HITPOINT WARNING * * *
The death scarab drains your vigour!
You feel as though you will be slow longer.
The death scarab completely misses you. The death scarab barely misses you.
Unknown command.
Unknown command.
Okay, then.
Unknown command.
Unknown command.
Unknown command.
You can't go up here!
Unknown command.
You fade into invisibility!
The death scarab closely misses you.
The death scarab is caught in a web!
The death scarab struggles to get unstuck from the web. x2
The death scarab bites you but does no damage.
The death scarab struggles to get unstuck from the web.
Unknown command.
Unknown command.
You feel very mighty all of a sudden.
The death scarab bites you but does no damage.
The death scarab closely misses you.
The death scarab struggles to get unstuck from the web.
The death scarab pulls away from the web.
The death scarab is stunned by your will and fails to attack.
You block the death scarab's attack.
Unknown command.
Unknown command.
Unknown command.
You miss the death scarab.
The death scarab is severely damaged.
You block the death scarab's attack. The death scarab closely misses you.
The death scarab barely misses you.
Unknown command.
Unknown command.
You bludgeon the death scarab!! You freeze the death scarab.
You destroy the death scarab!
The death scarab bites you but does no damage. x2
Unknown command.
Unknown command.
The death scarab barely misses you.
The death scarab evades a web.
The death scarab closely misses you.
The death scarab bites you but does no damage.
The death scarab is caught in a web!
The death scarab bites you!
* * * LOW HITPOINT WARNING * * *
The death scarab drains your vigour!
You feel as though you will be slow longer.
Unknown command.
Unknown command.
You catch the helpless death scarab completely off-guard!
You sock the death scarab! You freeze the death scarab.
The death scarab is moderately damaged.
The death scarab pulls away from the web.
The death scarab barely misses you. The death scarab misses you.
The death scarab bites you!
You die...

#...≈##...###########...#
#...≈≈#...#,,,,,,,,,#..##
#....≈#...#.#######$#...#
#..#.≈#...#...^.....#...#
#.....#..##.........#...#
#.....#...#.........##..#
#≈....#...#........?#^†.#
#≈.#..#...#./^$.^...#...#
#≈≈..(##@s#...s.....#...#
#≈≈≈..#..s###'''''###...#
#≈#≈..#...^..†.....†.†..#
#≈≈≈..#.......^.......#.#
#≈≈...#.#^.......#.....^#
#≈....###################
#....#..........^........
#
#...≈≈...................
####
#.#≈≈≈≈...#........#≈....


You could see 2 death scarabs.

Vanquished Creatures
  Nikola (Shoals:4)
  Jorgrun (Elf:2)
  Arachne (Spider:3)
  Rupert (D:12)
  Asterion (Spider:2)
  A deep elf blademaster (Elf:2)
  Kirke (Lair:4)
  Roxanne (Shoals:1)
  4 ghost moths
  Louise (Shoals:1)
  Aizul (Shoals:1)
  A frost giant (IceCv)
  4 emperor scorpions (Spider:4)
  A deep elf elementalist (Elf:2)
  4 entropy weavers
  4 spark wasps
  Azrael (Elf:2)
  A red draconian (Volcano)
  A deep elf annihilator (Elf:2)
  Snorg (Lair:6)
  11 merfolk javelineers
  Josephine (Shoals:1)
  Harold (D:10)
  11 merfolk impalers
  A catoblepas (Lair:5)
  An ice dragon (Orc:1)
  4 hydras
  5 merfolk avatars
  An alligator snapping turtle (Shoals:1)
  An ogre mage (Volcano)
  7 merfolk aquamancers
  Erica (D:8)
  2 centaur warriors (D:12)
  25 dancing weapons
  6 death scarabs (Spider:4)
  3 satyrs (Shoals:4)
  A queen ant (Spider:1)
  8 death yaks
  9 two-headed ogres
  2 orc high priests
  Sonja (Lair:2)
  13 deep elf knights
  Urug (Orc:1)
  3 iron trolls
  A spectral emperor scorpion (Spider:4)
  9 sea snakes
  3 deep trolls (D:10)
  A glowing orange brain (shapeshifter) (Elf:2)
  3 deep elf archers
  2 wolf spider zombies (Spider:4)
  9 harpies
  14 orb spiders
  4 spectral wolf spiders (Spider:4)
  8 orc knights
  10 manticores
  An orc sorcerer (Elf:2)
  29 wolf spiders
  45 deep elf magi
  2 ugly things (D:11)
  3 moths of wrath
  The ghost of
  1994 the Sneak, a novice FeTm (D:5)
  An oklob plant (Shoals:1)
  21 fauns
  A guardian serpent (Lair:6)
  16 merfolk sirens
  4 cyclopes
  An ice statue (IceCv)
  Maurice (D:9)
  Psyche (D:12)
  8 black mambas
  8 water nymphs
  An eye of devastation (Lair:5)
  9 spiny frogs
  3 spectral redbacks (Spider:4)
  An efreet (D:12)
  18 demonic crawlers
  A redback zombie (Spider:4)
  A rime drake (Lair:6)
  5 komodo dragons
  3 harpy zombies (Shoals:2)
  A meliai (Spider:3)
  A tengu conjurer (D:12)
  43 jumping spiders
  20 polar bears
  8 trolls
  39 merfolk
  9 wind drakes
  10 hornets
  Prince Ribbit (D:4)
  4 spectral jumping spiders (Spider:4)
  4 spectral tarantellas (Spider:4)
  A jumping spider zombie (Spider:4)
  A tarantella zombie (Spider:4)
  A meliai zombie (D:12)
  5 slime creatures (D:12)
  14 blink frogs
  A hippogriff (shapeshifter) (Elf:1)
  8 dream sheep
  10 hippogriffs
  10 snapping turtles
  A spriggan (D:7)
  2 air elementals
  65 redbacks
  29 yaks
  22 water elementals
  9 wyverns (Lair:6)
  3 wraiths (Shoals:1)
  2 vampires (D:12)
  5 hogs (Lair:4)
  A human (Lair:4)
  4 fire elementals
  9 fire bats (Volcano)
  3 basilisks
  31 tarantellas
  2 vampire mosquitoes (Spider:3)
  A hungry ghost (D:11)
  7 wargs
  An acid dragon (D:12)
  24 soldier ants (Spider:1)
  22 water moccasins
  3 hell hounds (Elf:2)
  12 porcupines
  A hornet zombie (Spider:4)
  7 ice beasts
  4 spectral hornets (Spider:4)
  49 orc warriors
  A necrophage (D:10)
  12 ogres
  2 eyes of draining
  A phantom (D:7)
  20 wolves
  7 centaurs
  13 crocodiles
  A hippogriff zombie (Shoals:2)
  An earth elemental (Elf:2)
  17 bullfrogs
  A water moccasin skeleton (D:6)
  3 scorpions
  2 howler monkeys (D:10)
  3 wights (D:12)
  4 electric eels (D:10)
  5 crimson imps
  2 centaur zombies
  10 lava snakes
  3 bullfrog zombies
  4 jellies
  17 orc priests
  16 orc wizards
  2 gnoll shamans
  7 hounds
  3 iguanas
  5 bullfrog skeletons
  2 centaur skeletons
  23 worker ants
  2 hound zombies (D:7)
  3 hound skeletons
  2 worker ant zombies
  27 gnolls
  A howler monkey skeleton (D:9)
  13 adders
  A shadow imp (D:6)
  A white imp (D:9)
  3 oozes
  An adder zombie (D:5)
  3 adder skeletons
  A dart slug (D:1)
  3 worms
  6 leopard geckos
  95 orcs
  2 ball pythons (D:3)
  6 giant cockroaches
  8 goblins
  19 hobgoblins
  8 jackals
  4 quokkas
  8 bats
  3 frilled lizards
  19 kobolds
  2 rats
  A fire vortex (Lair:1)
  7 fungi
  14 plants (Shoals:3)
1360 creatures vanquished.

Vanquished Creatures (others)
  Ilsuiw (Shoals:3)
  An ogre mage (D:12)
  A death yak (Lair:5)
  A dancing weapon (Elf:1)
  2 harpies (Shoals:2)
  4 deep elf magi (Elf:1)
  A wolf spider (Spider:4)
  A cyclops (Orc:1)
  A torpor snail (Spider:3)
  3 demonic crawlers
  A polar bear (IceCv)
  A merfolk (Shoals:1)
  A hornet (D:12)
  4 blink frogs
  A redback (Spider:1)
  A slime creature (D:12)
  A water elemental (Shoals:3)
  A tarantella (Spider:2)
  A fire elemental (Elf:2)
  A yak (IceCv)
  A warg (Orc:2)
  An orc warrior (D:9)
  3 ogres
  A wolf (IceCv)
  A worker ant (D:5)
  A gnoll (D:8)
  3 orcs
  A goblin (Bailey)
  4 kobolds (Bailey)
  A quokka (D:12)
  A bush (Lair:2)
  19 fungi
  33 plants
99 creatures vanquished.

Grand Total: 1459 creatures vanquished

Notes
Turn   | Place    | Note
-------+----------+-------------------------------------------
     0 | D:1      | Mgcat the Gargoyle Monk began the quest for the Orb.
     0 | D:1      | Reached XP level 1. HP: 14/14 MP: 1/1
   136 | D:1      | Reached XP level 2. HP: 14/19 MP: 2/2
   778 | D:1      | Reached XP level 3. HP: 24/24 MP: 3/3
  1004 | D:2      | Reached skill level 4 in Fighting
  1269 | D:2      | Reached XP level 4. HP: 30/30 MP: 4/4
  1275 | D:2      | Reached skill level 4 in Maces & Flails
  1871 | D:3      | Reached XP level 5. HP: 34/34 MP: 5/5
  2161 | D:2      | Reached skill level 5 in Fighting
  2695 | D:3      | Reached skill level 5 in Maces & Flails
  2705 | D:3      | Reached XP level 6. HP: 37/40 MP: 6/6
  3432 | D:4      | Reached skill level 6 in Fighting
  3624 | D:4      | Found a staircase to the Ecumenical Temple.
  3632 | D:4      | Reached XP level 7. HP: 47/47 MP: 7/7
  3638 | Temple   | Entered the Ecumenical Temple
  3750 | Temple   | Became a worshipper of Ru the Awakened
  3751 | Temple   | Gained mutation: You cannot train Dodging skill. [Ru sacrifice]
  3751 | Temple   | Reduced skill Dodging to level 0
  3751 | Temple   | Reached * piety under Ru
  3912 | D:4      | Found a shadowy altar of Dithmenos.
  4004 | D:4      | Reached skill level 6 in Maces & Flails
  4207 | D:5      | Entered Level 5 of the Dungeon
  4214 | D:5      | Noticed 1994's ghost (novice FeTm)
  4230 | D:4      | Reached skill level 7 in Fighting
  4434 | D:5      | Noticed Prince Ribbit
  4454 | D:5      | HP: 11/48 [gnoll/halberd (9)]
  4455 | D:5      | HP: 3/48 [Prince Ribbit (8)]
  4561 | D:5      | Reached XP level 8. HP: 46/53 MP: 8/8
  4618 | D:5      | Found an ancient bone altar of Kikubaaqudgha.
  4704 | D:5      | Reached skill level 7 in Maces & Flails
  4895 | D:5      | Killed 1994's ghost
  4895 | D:5      | Reached skill level 8 in Fighting
  4959 | D:5      | Reached skill level 8 in Maces & Flails
  5136 | D:6      | Reached skill level 9 in Fighting
  5162 | D:6      | Got a twisted leather armour
  5173 | D:6      | Identified the cursed +0 leather armour of Pigroa {rF+ Int+5} (You found it on level 6 of the Dungeon)
  5301 | D:6      | Reached XP level 9. HP: 40/60 MP: 9/9
  5812 | D:7      | Reached skill level 9 in Maces & Flails
  5913 | D:7      | Reached skill level 10 in Fighting
  6167 | D:7      | Found a glowing silver altar of Zin.
  6330 | D:8      | Gained mutation: You are hated by all. [Ru sacrifice]
  6330 | D:8      | Reached ** piety under Ru
  6397 | D:8      | Found a blossoming altar of Fedhas.
  6476 | D:8      | Reached skill level 10 in Maces & Flails
  6631 | D:8      | Found a shattered altar of Ashenzari.
  6733 | D:8      | Reached skill level 11 in Fighting
  6742 | D:8      | Noticed Erica
  6985 | D:8      | Reached XP level 10. HP: 69/69 MP: 10/10
  7186 | D:8      | Killed Erica
  7821 | D:9      | Noticed Maurice
  7823 | D:9      | Reached skill level 11 in Maces & Flails
  7831 | D:9      | HP: 15/71 [disintegration (20)]
  8148 | D:4      | Found a staircase to the Ecumenical Temple.
  8214 | D:4      | Killed Prince Ribbit
  8367 | D:9      | Killed Maurice
  8367 | D:9      | Reached skill level 12 in Fighting
  8403 | D:9      | Gained mutation: You are slightly vulnerable to magic. (MR-) [Ru sacrifice]
  8403 | D:9      | Reached *** piety under Ru
  8403 | D:9      | Reached **** piety under Ru
  8569 | D:9      | Noticed a two-headed ogre
  8578 | D:9      | Killed a two-headed ogre
  8761 | D:9      | Found a staircase to the Lair.
  8790 | D:9      | Found a radiant altar of Vehumet.
  8830 | D:9      | Reached XP level 11. HP: 64/76 MP: 11/11
  8966 | D:9      | Found a glowing golden altar of the Shining One.
  9195 | D:10     | Entered Level 10 of the Dungeon
  9233 | D:10     | Noticed Harold
  9259 | D:10     | Killed Harold
  9259 | D:10     | Reached skill level 13 in Fighting
  9259 | D:10     | Reached skill level 12 in Maces & Flails
  9756 | D:10     | Noticed a two-headed ogre
  9771 | D:10     | Killed a two-headed ogre
  9795 | D:10     | Noticed a two-headed ogre
  9803 | D:10     | Noticed a deep troll
  9804 | D:10     | Noticed an iron troll
  9947 | D:9      | Killed a two-headed ogre
 10345 | D:10     | Killed a deep troll
 10550 | D:10     | Noticed an iron troll
 10581 | D:9      | HP: 11/79 [iron troll (12)]
 10648 | D:9      | Killed an iron troll
 10648 | D:9      | Reached skill level 14 in Fighting
 10648 | D:9      | Reached skill level 13 in Maces & Flails
 10784 | D:9      | HP: 20/80 [iron troll (10)]
 11108 | D:10     | Noticed a deep troll
 11127 | D:10     | Killed a deep troll
 11162 | D:10     | Noticed a deep troll
 11176 | D:10     | Killed a deep troll
 11225 | D:10     | Noticed an iron troll
 11272 | Lair:1   | Entered Level 1 of the Lair of Beasts
 11375 | Lair:1   | Found an ornate altar of the Wu Jian Council.
 11400 | Lair:1   | Reached XP level 12. HP: 82/86 MP: 12/12
 11555 | Lair:1   | Noticed a four-headed hydra
 11565 | Lair:1   | Killed a four-headed hydra
 11673 | Lair:1   | Gained mutation: You are frail. (-10% HP) [Ru sacrifice]
 11673 | Lair:1   | Reached ***** piety under Ru
 11886 | Lair:1   | Reached skill level 1 in Armour
 12087 | Lair:2   | Noticed Sonja
 12093 | Lair:2   | Reached skill level 2 in Armour
 12130 | Lair:2   | Killed Sonja
 12178 | Lair:2   | Got a warped falchion
 12179 | Lair:2   | Identified the +6 falchion "Weratt" {freeze, Dex+2} (You found it on level 2 of the Lair of Beasts)
 12444 | Lair:2   | Reached skill level 3 in Armour
 12686 | Lair:2   | Noticed an eight-headed hydra
 12698 | Lair:2   | Killed an eight-headed hydra
 13158 | Lair:3   | Noticed a seven-headed hydra
 13232 | Lair:3   | Reached skill level 15 in Fighting
 13236 | Lair:3   | Found a hole to the Spider Nest.
 13256 | Lair:3   | Reached skill level 4 in Armour
 13276 | Lair:3   | Reached skill level 14 in Maces & Flails
 13400 | Lair:3   | Killed a seven-headed hydra
 13400 | Lair:3   | Reached skill level 5 in Armour
 13416 | Lair:3   | Gained mutation: Potions are less effective at restoring your health. [Ru sacrifice]
 13416 | Lair:3   | Reached ****** piety under Ru
 14041 | Lair:4   | Found a dark tunnel.
 14049 | Volcano  | Entered a volcano
 14181 | Volcano  | Noticed a two-headed ogre
 14190 | Volcano  | Killed a two-headed ogre
 14190 | Volcano  | Reached skill level 6 in Armour
 14190 | Volcano  | Reached XP level 13. HP: 82/82 MP: 13/13
 14226 | Volcano  | Noticed a red draconian
 14235 | Volcano  | Found a burning altar of Makhleb.
 14246 | Volcano  | Killed a red draconian
 14493 | Lair:4   | Reached skill level 7 in Armour
 14646 | Lair:4   | Found a staircase to the Shoals.
 15069 | Lair:4   | Noticed Kirke
 15084 | Lair:4   | Killed Kirke
 15084 | Lair:4   | Reached skill level 16 in Fighting
 15544 | Lair:5   | Found a staircase to the Slime Pits.
 15568 | Lair:5   | Reached skill level 8 in Armour
 15605 | Lair:5   | Got a fine scale mail
 15616 | Lair:5   | Identified the +5 scale mail of Ru's Reproof {+Blink rN+++ MR+ Dex-4} (You found it on level 5 of the Lair of Beasts)
 15758 | Lair:5   | Reached skill level 15 in Maces & Flails
 16384 | Lair:6   | Entered Level 6 of the Lair of Beasts
 16853 | Lair:6   | Reached skill level 9 in Armour
 16896 | Lair:6   | Gained mutation: Your large and strong wings let you fly indefinitely. [Gargoyle growth]
 16896 | Lair:6   | Reached XP level 14. HP: 90/90 MP: 14/14
 17309 | Lair:6   | Noticed Snorg
 17345 | Lair:6   | Killed Snorg
 17442 | Lair:6   | Reached skill level 10 in Armour
 17559 | Lair:6   | Reached skill level 17 in Fighting
 17987 | D:9      | Found a radiant altar of Vehumet.
 18030 | D:9      | Found a glowing golden altar of the Shining One.
 18415 | D:9      | Found a staircase to the Lair.
 19379 | D:11     | Identified a scroll of acquirement
 19524 | D:12     | Found a flagged portal.
 19725 | Bailey   | Entered a bailey
 19887 | Bailey   | Got a faintly glowing chain mail
 20015 | Bailey   | Identified the +5 chain mail of Foalueph {rElec rCorr} (You found it in a bailey)
 20115 | D:12     | Reached skill level 16 in Maces & Flails
 20264 | D:12     | Found a bloodstained altar of Trog.
 20312 | D:12     | Noticed Psyche
 20318 | D:12     | Killed Psyche
 20324 | D:12     | Found a staircase to the Orcish Mines.
 20705 | D:12     | Reached skill level 11 in Armour
 20726 | D:12     | Got a scorched glaive {chaos}
 20730 | D:12     | Got a shimmering quarterstaff {flame}
 20748 | D:12     | Identified the +11 glaive "Q" {chaos, -Tele +Rage +Fly Stlth+} (You took it off a centaur warrior on level 12 of the Dungeon)
 20750 | D:12     | Identified the +0 quarterstaff of Zimaytz {flame, +Inv Str-2 Int-3 SInv} (You found it on level 12 of the Dungeon)
 20824 | D:12     | Noticed Rupert
 20824 | D:12     | Found Tyth's Blood Bar.
 20943 | D:12     | Killed Rupert
 21111 | Orc:1    | Entered Level 1 of the Orcish Mines
 21153 | Orc:1    | Reached XP level 15. HP: 69/96 MP: 15/15
 21246 | Orc:1    | Noticed Urug
 21265 | Orc:1    | Killed Urug
 21430 | Orc:1    | HP: 22/97 [orc warrior/glaive (12)]
 21438 | Orc:1    | HP: 17/97 [orc/hand axe (4)]
 21670 | Orc:1    | Found a frozen archway.
 21716 | IceCv    | Entered an ice cave
 22460 | IceCv    | Reached skill level 18 in Fighting
 22466 | IceCv    | Reached skill level 12 in Armour
 22654 | IceCv    | Noticed a frost giant
 22681 | IceCv    | Killed a frost giant
 22706 | IceCv    | Identified the Incunabulum of Talismans and Execration
 23346 | Orc:2    | Entered Level 2 of the Orcish Mines
 23935 | Orc:2    | Found a staircase to the Elven Halls.
 24176 | Orc:2    | Found Katrayz's Weapon Shop.
 24176 | Orc:2    | Found Fyrid's Magic Scroll Shoppe.
 24191 | Orc:2    | Bought a scroll of magic mapping for 38 gold pieces
 24219 | Orc:2    | Found a roughly hewn altar of Beogh.
 24227 | Orc:2    | Found Kitwoipy's Book Shop.
 24227 | Orc:2    | Found Temikh's Gadget Shoppe.
 24232 | Orc:2    | Bought a manual of Fighting for 1435 gold pieces
 24586 | Orc:2    | Bought the +5 hand axe of Termination {chop, +Fly rF++ MR+ Int-2} for 805 gold pieces
 24829 | Shoals:1 | Entered Level 1 of the Shoals
 24829 | Shoals:1 | Noticed Josephine
 24847 | Shoals:1 | Killed Josephine
 24850 | Shoals:1 | Reached skill level 17 in Maces & Flails
 24853 | Shoals:1 | Noticed Aizul
 24861 | Shoals:1 | Noticed Louise
 24864 | Shoals:1 | HP: 16/98 [Aizul (11)]
 24873 | Shoals:1 | HP: 9/98 [sea snake (9)]
 24889 | Shoals:1 | HP: 24/98 [sea snake (2)]
 24896 | Shoals:1 | HP: 17/98 [sea snake (8)]
 24898 | Shoals:1 | HP: 7/98 [merfolk/trident of protection (10)]
 24903 | Shoals:1 | HP: 2/98 [snapping turtle (15)]
 24936 | Shoals:1 | HP: 19/99 [snapping turtle (11)]
 24937 | Shoals:1 | Reached skill level 13 in Armour
 24941 | Shoals:1 | HP: 5/99 [snapping turtle (15)]
 25030 | Shoals:1 | Reached XP level 16. HP: 45/104 MP: 16/16
 25076 | Shoals:1 | HP: 26/104 [merfolk impaler/demon trident of freezing (1)]
 25079 | Shoals:1 | HP: 10/104 [merfolk javelineer/javelin of penetration (12)]
 25080 | Shoals:1 | HP: 2/104 [merfolk impaler/demon trident of freezing (3)]
 25095 | Shoals:1 | HP: 18/104 [merfolk javelineer/javelin of penetration (17)]
 25107 | Shoals:1 | HP: 11/104 [water nymph/the raging water (9)]
 25458 | Shoals:1 | HP: 25/104 [merfolk impaler/demon trident of freezing (12)]
 25459 | Shoals:1 | Reached skill level 19 in Fighting
 25468 | Shoals:1 | HP: 13/104 [merfolk/spear (12)]
 25919 | Shoals:1 | Killed Louise
 26243 | Shoals:1 | Killed Aizul
 26626 | Shoals:1 | Noticed Roxanne
 26656 | Shoals:1 | Killed Roxanne
 26657 | Shoals:1 | Identified Roxanne's Handbook of Transmutation (You took it off Roxanne on level 1 of the Shoals)
 26970 | Shoals:1 | Found a shadowy altar of Dithmenos.
 27067 | Shoals:2 | HP: 22/105 [harpy (12)]
 27069 | Shoals:2 | HP: 5/106 [merfolk/enchanted trident (9)]
 27078 | Shoals:2 | HP: 20/106 [harpy (9)]
 27080 | Shoals:2 | HP: 8/106 [merfolk/enchanted trident (12)]
 27933 | Shoals:2 | Reached skill level 20 in Fighting
 28021 | Shoals:2 | Reached skill level 14 in Armour
 28353 | Shoals:3 | Noticed Ilsuiw
 28361 | Shoals:3 | Reached skill level 18 in Maces & Flails
 28368 | Shoals:3 | Noticed Mara
 28370 | Shoals:3 | Noticed Mgcat's illusion
 28573 | Shoals:3 | HP: 19/108 [something/shard of ice (22)]
 28581 | Shoals:3 | HP: 22/108 [water nymph/the raging water (8)]
 28590 | Shoals:2 | HP: 21/108 [water nymph/the raging water (10)]
 28946 | Elf:1    | Entered Level 1 of the Elven Halls
 28974 | Elf:1    | HP: 5/108 [deep elf mage/bolt of fire (31)]
 29696 | Elf:1    | Reached XP level 17. HP: 66/112 MP: 17/17
 30258 | Elf:1    | Reached skill level 21 in Fighting
 30709 | Elf:2    | Reached skill level 15 in Armour
 31529 | Elf:2    | Found a runed gate.
 31529 | Elf:2    | Found a runed gate.
 31664 | Elf:2    | Found a runed gate.
 31801 | Elf:2    | Noticed a deep elf blademaster
 31803 | Elf:2    | Killed a deep elf blademaster
 31836 | Elf:2    | Noticed Jorgrun
 31860 | Elf:2    | Killed Jorgrun
 31903 | Elf:2    | Noticed Azrael
 31917 | Elf:2    | Killed Azrael
 31933 | Elf:2    | Reached skill level 22 in Fighting
 32121 | Elf:2    | Reached skill level 19 in Maces & Flails
 32124 | Elf:2    | Reached XP level 18. HP: 100/120 MP: 18/18
 32712 | Shoals:3 | Reached skill level 16 in Armour
 32759 | Shoals:3 | Killed Ilsuiw
 33086 | Shoals:3 | Got a pitted spear
 33087 | Shoals:3 | Identified the +2 spear "Naogak" {pierce, Str+5 SInv} (You found it on level 3 of the Shoals)
 33093 | Shoals:4 | Entered Level 4 of the Shoals
 33093 | Shoals:4 | Noticed Nikola
 33102 | Shoals:4 | Killed Nikola
 34320 | Shoals:4 | Got a dazzling buckler
 34347 | Shoals:4 | Got a barnacled rune of Zot
 34688 | Shoals:4 | Identified the cursed +0 buckler "Attisch" {rPois} (You found it on level 4 of the Shoals)
 35230 | Shoals:4 | Reached skill level 17 in Armour
 35349 | Spider:1 | Entered Level 1 of the Spider Nest
 35530 | Spider:1 | Reached XP level 19. HP: 125/126 MP: 19/19
 35927 | Spider:2 | Noticed Asterion
 35957 | Spider:2 | Killed Asterion
 35959 | Spider:2 | Got a scorched shield
 37076 | Spider:2 | Identified the +4 shield "Olovil" {rF- Str+2 Int+3} (You took it off Asterion on level 2 of the Spider Nest)
 37106 | Spider:2 | Reached skill level 20 in Maces & Flails
 37114 | Spider:2 | Reached skill level 1 in Throwing
 37118 | Spider:2 | Reached skill level 23 in Fighting
 37219 | Spider:2 | Got a pitted scale mail
 37230 | Spider:2 | Identified the +5 scale mail of Ynoi {MP+9} (You found it on level 2 of the Spider Nest)
 37505 | Spider:3 | Noticed Arachne
 37526 | Spider:3 | Killed Arachne
 37526 | Spider:3 | Reached skill level 2 in Throwing
 37590 | Spider:3 | HP: 27/127 [something (10)]
 37974 | Spider:3 | Reached skill level 3 in Throwing
 38718 | Spider:3 | Got a bloodstained robe
 38913 | Spider:4 | Entered Level 4 of the Spider Nest
 39330 | Spider:4 | Reached skill level 4 in Throwing
 39430 | Spider:4 | Reached skill level 18 in Armour
 39798 | Spider:4 | HP: 8/127 [disintegration (56)]
 40037 | Spider:4 | Reached XP level 20. HP: 117/133 MP: 0/20
 40566 | Spider:4 | Reached skill level 5 in Throwing
 40818 | Spider:4 | HP: 32/133 [death scarab (7)]
 40821 | Spider:4 | HP: 14/133 [death scarab (13)]
 40828 | Spider:4 | HP: 12/133 [death scarab (11)]
 40829 | Spider:4 | Slain by a death scarab

Skill      XL: |  1  2  3  4  5  6  7  8  9 10 11 12 13 14 15 16 17 18 19 20 |
---------------+-------------------------------------------------------------+-----
Fighting       | 4 5 6 7 9 11 12 14 15 16 17 18 20 22 23 | 23.5
Maces & Flails | 4 5 6 8 10 11 13 14 15 16 17 18 19 20 | 20.5
Dodging        | 0 |  0.0
Armour         | 6 9 11 13 14 15 17 18 | 18.3
Throwing       | 4 5 |  5.5
Stealth        | |  2.1

Action                   |  1- 3 |  4- 6 |  7- 9 | 10-12 | 13-15 | 16-18 | 19-21 || total
-------------------------+-------+-------+-------+-------+-------+-------+-------++-------
Melee: Mace              |   112 |    52 |       |       |       |       |       ||   164
       Whip              |       |    88 |       |       |       |       |       ||    88
       Hand axe          |       |   105 |   472 |   462 |    95 |    36 |       ||  1170
       Great mace        |       |       |       |   104 |  1221 |  1371 |   693 ||  3389
       Falchion          |       |       |       |   195 |    77 |       |       ||   272
       Morningstar       |       |       |       |       |    19 |       |       ||    19
       Eveningstar       |       |       |       |       |       |    17 |       ||    17
       Spear             |       |       |       |       |       |       |    15 ||    15
Throw: Tomahawk          |       |       |     3 |    28 |    27 |    12 |    17 ||    87
Invok: Sacrifice Nimblen |       |       |     1 |       |       |       |       ||     1
       Sacrifice Love    |       |       |     1 |       |       |       |       ||     1
       Sacrifice Essence |       |       |       |     1 |       |       |       ||     1
       Draw Out Power    |       |       |       |     4 |    13 |    20 |     5 ||    42
       Power Leap        |       |       |       |     2 |       |       |     1 ||     3
       Sacrifice Purity  |       |       |       |     1 |       |       |       ||     1
       Sacrifice Health  |       |       |       |     1 |       |       |       ||     1
       Apocalypse        |       |       |       |       |     4 |     4 |     4 ||    12
 Abil: Evoke Berserk Rag |       |     1 |     7 |    18 |       |       |       ||    26
       Fly               |       |       |       |       |     1 |     4 |       ||     5
       Stop Flying       |       |       |       |       |       |     4 |       ||     4
       Evoke Blink       |       |       |       |       |       |     2 |       ||     2
Evoke: Wand              |       |       |     2 |       |    13 |       |       ||    15
  Use: Scroll            |     7 |       |     8 |    15 |    12 |    15 |     7 ||    64
       Potion            |       |       |     2 |     8 |     6 |     7 |     6 ||    29
 Stab: Sleeping          |     1 |       |       |       |       |       |       ||     1
       Invisible         |       |       |       |     9 |    12 |    16 |     5 ||    42
       Distracted        |       |       |       |     2 |    18 |    10 |     3 ||    33
       Paralysed         |       |       |       |     2 |    24 |    14 |     3 ||    43
       Petrified         |       |       |       |       |     3 |       |       ||     3
  Eat: Chunk             |     1 |     8 |    16 |    36 |    19 |    16 |    10 ||   106
       Ration            |       |       |     1 |     1 |     6 |     6 |     2 ||    16
Armor: Robe              |     9 |       |       |       |       |       |       ||     9
       Leather armour    |    14 |       |    35 |       |       |       |       ||    49
       Scale mail        |    24 |   124 |   239 |   674 |  1054 |  1137 |   808 ||  4060
       Fire dragon scale |       |       |       |       |    43 |       |       ||    43
Dodge: Dodged            |    87 |   154 |   252 |   413 |   642 |   565 |   451 ||  2564
Block: Other             |       |       |       |       |   172 |   145 |    79 ||   396
       Reflection        |       |       |       |       |     8 |     6 |       ||    14
       Rpst.: Falchion   |       |       |       |    50 |     4 |       |       ||    54

Vault maps used:
D:1:      roderic_dead_forest, serial_co_window_serial, co_window_corner_a,
          co_window_paths_b, co_window_of_opportunity_a, co_window_paths_a,
          co_window_corner_a, co_window_cross_4, co_window_unsneaky_path_d,
          co_window_unsneaky_path_c, co_window_broadway_c, co_window_paths_c,
          co_window_paths_d, co_window_paths_e, glass_columns_c,
          minmay_tromino_i4
D:4:      kennysheep_mini, minmay_temple_entry_statues_fountains,
          minmay_gold_behind_fungi
D:5:      kiku_gazebo_garden_becter, first_ration, uniq_prince_ribbit1
D:7:      kennysheep_mini_moat, the_bakery
D:8:      fedhas_altar_1, hangedman_decor_opposing, evilmike_ruin_ashenzari,
          uniq_erica
D:9:      lemuel_crystal_altar, lemuel_round_altar,
          grunt_lair_entry_orc_guard_hut, minmay_fire_ice_demons, uniq_maurice
D:10:     lemuel_troll_bridge, uniq_harold
D:12:     minmay_the_grid_triangle_9x9_rhombus_full_mashed, orc_0_dummy,
          enter_bailey_2, serial_column_ruins, column_ruins_temple_hall,
          column_ruins_hut_water, column_ruins_grid_3, column_ruins_grid_2,
          column_ruins_open_small, column_ruins_open_tiny,
          column_ruins_open_large, column_ruins_open_small, column_ruins_grid_1,
          guppyfry_shop_blood, uniq_rupert, uniq_psyche
Temple:   eino_temple_scatter_basement
Lair:1:   basic_altar
Lair:2:   uniq_sonja
Lair:3:   dummy_spider_entry, beast_lair_carwin_5
Lair:4:   shoals_dummy_entry, enter_volcano_1, grunt_megastairs_3, uniq_kirke
Lair:5:   minmay_slime_entry_eyes, minivault_23, grunt_forest_small_clearings
Lair:6:   hangedman_lair_tendril_chambers, minivault_19,
          eino_small_chamber_without_monster, uniq_snorg
Shoals:1: lemuel_oklob_altar, uniq_josephine, uniq_roxanne, uniq_aizul,
          uniq_louise
Shoals:2: cheibrodos_shoals_baths, nicolae_shoals_undead_eyrie
Shoals:3: uniq_mara, uniq_polyphemus, uniq_ilsuiw
Shoals:4: shoals_end_simple, shoals_ilsuiw_ice, uniq_nikola
Spider:1: spider_trap, minivault_29
Spider:2: uniq_asterion
Spider:3: nicolae_spider_hall_of_the_moth_king, hangedman_spider_mandibles,
          einodemon_crawler_minivault, uniq_arachne
Spider:4: floodkiller_spider_rune_tomb, spider_trap
Orc:1:    portal_ice_cave_entry_animals_and_master, uniq_urug
Orc:2:    st_orc_town, lab_entry_generic
Elf:1:    eino_elf_arrival_shootout, evilmike_minifort
Elf:2:    uniq_azrael, uniq_jorgrun
Bailey:   bailey_axe_1, bailey
IceCv:    ice_cave_caverns_01
Volcano:  volcano_grotto

Table legend:
 A = Turns spent in this place as a percentage of turns spent in the entire game.
 B = Non-inter-level travel turns spent in this place as a percentage of non-inter-level travel turns spent in the entire game.
 C = Inter-level travel turns spent in this place as a percentage of turns spent in this place.
 D = Turns resting spent in this place as a percentage of non-inter-level travel turns spent in this place.
 E = Turns spent auto-exploring this place as a percentage of non-inter-level travel turns spent in this place.
 F = Non-inter-level travel turns spent in this place divided by the number of levels of this place that you've seen.
                   A       B       C       D       E      F
               +-------+-------+-------+-------+-------+----------------------
         Total | 100.0 | 100.0 |   6.6 |  11.2 |  59.6 | 1122.0
       Dungeon |  35.0 |  33.8 |   9.8 |   7.6 |  66.3 | 1073.7
        Temple |   0.3 |   0.3 |  13.6 |   0.0 |  91.2 | 114.0
          Lair |  16.1 |  15.6 |   9.4 |   0.1 |  77.9 | 994.8
        Shoals |  16.1 |  16.7 |   3.2 |  13.5 |  55.9 | 1593.2
   Spider Nest |  13.4 |  14.1 |   1.8 |  27.6 |  40.2 | 1346.0
  Orcish Mines |   6.4 |   6.3 |   7.7 |   6.0 |  52.4 | 1198.5
   Elven Halls |   7.6 |   7.8 |   4.4 |  14.3 |  53.6 | 1491.0
        Bailey |   0.8 |   0.8 |   0.0 |  24.5 |  21.3 | 319.0
      Ice Cave |   3.2 |   3.4 |   0.0 |  19.6 |  43.6 | 1306.0
       Volcano |   1.0 |   1.1 |   0.0 |   6.4 |  50.7 | 420.0
               +-------+-------+-------+-------+-------+----------------------

Table legend:
 A = Kills in this place as a percentage of kills in entire the game.
 B = Kills by you in this place as a percentage of kills by you in the entire game.
 C = Kills by friends in this place as a percentage of kills by friends in the entire game.
 D = Other kills in this place as a percentage of other kills in the entire game.
 E = Experience gained in this place as a percentage of experience gained in the entire game.
 F = Experience gained in this place divided by the number of levels of this place that you have seen.
                   A       B       C       D       E      F
               +-------+-------+-------+-------+-------+----------------------
         Total | 100.0 | 100.0 |   N/A | 100.0 | 100.0 | 12411.1
       Dungeon |  24.5 |  24.5 |   N/A |  27.3 |   8.6 | 3014.9
          Lair |  10.8 |  10.8 |   N/A |   9.1 |   9.8 | 6905.3
        Shoals |  16.3 |  16.4 |   N/A |  12.1 |  28.0 | 29559.8
   Spider Nest |  22.4 |  22.5 |   N/A |  18.2 |  27.5 | 29011.8
  Orcish Mines |   9.4 |   9.4 |   N/A |   9.1 |   3.7 | 7819.0
   Elven Halls |   8.8 |   8.7 |   N/A |  12.1 |  17.1 | 36126.5
        Bailey |   2.1 |   2.0 |   N/A |   6.1 |   0.3 | 1193.0
      Ice Cave |   4.0 |   4.0 |   N/A |   6.1 |   3.3 | 14013.0
       Volcano |   1.7 |   1.7 |   N/A |   0.0 |   1.7 | 6983.0
               +-------+-------+-------+-------+-------+----------------------
